 Dungeon Crawl Stone Soup version 0.21-a0-513-gdcb3f5e (webtiles) character file.

509 nepSmug the Cleaver (level 7, -6/57 HPs)
             Began as a Hill Orc Fighter on Dec 3, 2017.
             Was a Follower of Beogh.
             Mangled by a water moccasin (8 damage)
             ... on level 5 of the Dungeon.
             The game lasted 00:07:39 (4178 turns).

nepSmug the Cleaver (Hill Orc Fighter)              Turns: 4178, Time: 00:07:39

Health: -6/57      AC:  9    Str: 19 (21) XL:     7   Next: 19%
Magic:  7/7        EV:  7    Int:  6 (8)  God:    Beogh [*.....]
Gold:   172        SH:  9    Dex:  9 (10) Spells: 6/6 levels left

rFire    + . .     SeeInvis .   a - +0 war axe
rCold    + . .     Gourm    .   c - +0 shield
rNeg     . . .     Faith    .   b - +0 scale mail
rPois    +         Spirit   .   (no helmet)
rElec    +         Reflect  .   C - +0 cloak
rCorr    +         Harm     .   (no gloves)
MR       .....                  B - +0 pair of boots
Stlth    ..........             (no amulet)
HPRegen  0.19/turn              (no ring)
MPRegen  0.10/turn              (no ring)

@: lethally poisoned (-6 -> -11), resistant
A: no striking features
a: Renounce Religion


You were on level 5 of the Dungeon.
You worshipped Beogh.
Beogh was aware of your devotion.
You were not hungry.

You visited 1 branch of the dungeon, and saw 6 of its levels.

You collected 172 gold pieces.

Inventory:

Hand Weapons
 a - a +0 war axe (weapon)
Armour
 b - a +0 scale mail (worn)
 c - a +0 shield (worn)
 i - a +0 pair of boots
 B - a +0 pair of boots (worn)
 C - a +0 cloak (worn)
Jewellery
 g - an uncursed ring of flight {unknown}
 p - a cursed amulet of inaccuracy {unknown}
Wands
 d - a wand of paralysis (11)
 A - a wand of flame (3)
Scrolls
 j - 3 scrolls of remove curse {unknown}
 l - a scroll of random uselessness {unknown}
 o - 4 scrolls of identify {unknown}
 q - 2 scrolls of teleportation {unknown}
 v - a scroll of fear {unknown}
 x - a scroll of enchant weapon {unknown}
 y - 2 scrolls of amnesia {unknown}
 D - a scroll of blinking {unknown}
Potions
 e - 2 potions of degeneration
 m - a potion of flight {unknown}
 r - a potion of mutation {unknown}
 s - a potion of cancellation {unknown}
 t - 2 potions of haste {unknown}
 u - a potion of heal wounds {unknown}
Comestibles
 f - 5 bread rations
 n - a meat ration
 w - 2 fruits
 z - a royal jelly


   Skills:
 * Level 3.6 Fighting
 - Level 10.0 Axes
 * Level 3.2 Armour
 - Level 3.2 Shields
 * Level 0.1 Invocations


You had 6 spell levels left.
You didn't know any spells.

Dungeon Overview and Level Annotations

Branches:
Dungeon (6/15)
 Temple: D:4-7

Altars:
Dithmenos


Message History

* * * LOW HITPOINT WARNING * * *
Okay, then.
Aiming: Throw Flame
Press: ? - help, Shift-Dir - straight line, f - water moccasin
Aim: a water moccasin (severely wounded)
The puff of flame hits the water moccasin.
The water moccasin is almost dead.
* * * LOW HITPOINT WARNING * * *
You feel sick. The water moccasin closely misses you.
You closely miss the water moccasin.
The water moccasin is almost dead.
* * * LOW HITPOINT WARNING * * *
You feel sick. The water moccasin bites you.
* * * LOW HITPOINT WARNING * * *
The water moccasin bites you but does no damage.
It was a potion of resistance.
You feel protected.
* * * LOW HITPOINT WARNING * * *
You feel sick. The water moccasin bites you!
You die...

#### . ###...# .. ....... #.
....... #.# ....... #####
#..######.......
#...####............%#
#.....#........@S.#
#.......##...>#####
##...........### #####
#.............# ####...#######+
..............#####......#.......
.....(.........##>.......#.......
#..<(((.)...#......((....#.......
#.....(......#...........#......#
#............##..........#5...§≈.


You could see a water moccasin.

Vanquished Creatures
  Duvessa (D:4)
  A centaur (D:5)
  Dowan (D:4)
  2 crimson imps
  A hound (D:4)
  Ijyb (D:4)
  A worker ant (D:4)
  A howler monkey skeleton (D:4)
  2 adders
  A dart slug (D:1)
  4 leopard geckos
  10 orcs
  7 bats
  8 giant cockroaches
  5 goblins
  8 hobgoblins
  3 jackals (D:1)
  5 quokkas
  2 frilled lizards
  9 kobolds
  9 rats
82 creatures vanquished.

Notes
Turn   | Place    | Note
-------+----------+-------------------------------------------
     0 | D:1      | nepSmug the Hill Orc Fighter began the quest for the Orb.
     0 | D:1      | Reached XP level 1. HP: 19/19 MP: 1/1
    29 | D:1      | Reached skill level 3 in Axes
   100 | D:1      | Reached XP level 2. HP: 26/26 MP: 2/2
   366 | D:1      | Reached skill level 4 in Axes
   671 | D:1      | Reached XP level 3. HP: 30/31 MP: 3/3
  1261 | D:2      | Reached skill level 5 in Axes
  1882 | D:3      | Reached XP level 4. HP: 21/39 MP: 4/4
  2166 | D:3      | Became a worshipper of Beogh the Brigand
  2302 | D:3      | Reached skill level 6 in Axes
  2725 | D:4      | Noticed Ijyb
  2756 | D:4      | Killed Ijyb
  2941 | D:4      | Reached XP level 5. HP: 30/45 MP: 5/5
  3081 | D:4      | Noticed Duvessa
  3081 | D:4      | Noticed Dowan
  3096 | D:4      | Killed Duvessa
  3096 | D:4      | Reached skill level 8 in Axes
  3096 | D:4      | Reached XP level 6. HP: 43/51 MP: 6/6
  3099 | D:4      | Killed Dowan
  3335 | D:4      | Found a shadowy altar of Dithmenos.
  3500 | D:4      | Reached skill level 9 in Axes
  3783 | D:5      | Entered Level 5 of the Dungeon
  3942 | D:4      | Reached * piety under Beogh
  4156 | D:5      | Reached skill level 10 in Axes
  4156 | D:5      | Reached XP level 7. HP: 34/57 MP: 7/7
  4177 | D:5      | HP: 2/57 [water moccasin (3)]
  4178 | D:5      | Mangled by a water moccasin

Vault maps used:
D:1:      shiori_arrival_elements
D:4:      first_bread, nicolae_dithmenos_shadow_blocks, uniq_ijyb, uniq_duvessa
D:5:      serial_shops, nicolae_shop_statue_plus, kennysheep_generic_room_2,
          uniq_crazy_yiuf_cottage, uniq_prince_ribbit1
D:6:      basic_altar, minivault_4, uniq_pikel

Skill      XL: |  1  2  3  4  5  6 |
---------------+-------------------+-----
Axes           | 3 4 5 6 8 10 | 10.0
Fighting       | |  3.6
Armour         | |  3.2
Shields        | |  3.2
Invocations    | |  0.1

Action                   |  1- 3 |  4- 6 |  7- 9 || total
-------------------------+-------+-------+-------++-------
Melee: War axe           |   127 |   131 |     9 ||   267
Invok: Convert to Beogh  |       |     1 |       ||     1
Evoke: Wand              |       |       |     1 ||     1
  Use: Potion            |       |     1 |     3 ||     4
  Eat: Chunk             |     3 |     3 |       ||     6
       Fruit             |       |     1 |       ||     1
       Bread ration      |       |     1 |       ||     1
Armor: Scale mail        |    59 |    50 |     4 ||   113
Dodge: Dodged            |    39 |    35 |     2 ||    76
Block: Shield            |    69 |    73 |     6 ||   148

Table legend:
 A = Spawn XP
 B = Non-spawn XP
 C = Spawn XP percentage of total XP
 D = Spawn monster count
 E = Non-spawn monster count
 F = Spawn count percentage of total count
 G = Total turns spent on level
                    A         B        C        D         E        F      G
               +---------+---------+-------+---------+---------+-------+---------
         Total |       0 |     728 |   0.0 |       0 |      82 |   0.0 |  4178
               +---------+---------+-------+---------+---------+-------+---------
           D:1 |       0 |      35 |   0.0 |       0 |      21 |   0.0 |   997
           D:2 |       0 |      40 |   0.0 |       0 |      23 |   0.0 |   873
           D:3 |       0 |      41 |   0.0 |       0 |      14 |   0.0 |   804
           D:4 |       0 |     444 |   0.0 |       0 |      18 |   0.0 |  1312
           D:5 |       0 |     168 |   0.0 |       0 |       6 |   0.0 |   121
               +---------+---------+-------+---------+---------+-------+---------
